 Dungeon Crawl Stone Soup version 0.25-a0-44-g29a1220a87 (webtiles) character file.

Game seed: 1132519242285282906, levelgen mode: deterministic

24 iamserjio the Ducker (level 2, 1/14 HPs)
             Began as a Felid Chaos Knight on Oct 24, 2019.
             Was a Plaything of Xom.
             Quit the game on level 2 of the Dungeon.
             The game lasted 00:01:22 (1043 turns).

iamserjio the Ducker (Felid Chaos Knight)           Turns: 1043, Time: 00:01:22

Health: 1/14       AC:  1    Str:  5 (8)  XL:     2   Next: 79%
Magic:  3/3        EV: 18    Int: 17 (18) God:    Xom [..*...]
Gold:   69         SH:  0    Dex: 12 (15) Spells: 1/1 levels left
                                        Lives:  0   Deaths: 0

rFire    . . .     SeeInvis +     - Unarmed
rCold    . . .     Gourm    .   (shield unavailable)
rNeg     . . .     Faith    .   (armour unavailable)
rPois    .         Spirit   .   (helmet unavailable)
rElec    .         Reflect  .   (cloak unavailable)
rCorr    .         Harm     .   (gloves unavailable)
MR       .....                  (boots unavailable)
Stlth    +.........             (no amulet)
HPRegen  0.04/turn              (no ring)
MPRegen  0.08/turn              (no ring)

@: brilliant, lethally poisoned (1 -> -8), flying, quick
A: very small, no armour, no weapons or thrown items, stealth, claws 1, fangs 3,
see invisible, carnivore, speed 1, shaggy fur 1, slow metabolism 1, sharp paws
a: Renounce Religion


You were on level 2 of the Dungeon.
You worshipped Xom.
You were a toy of Xom.
You were completely stuffed.

You visited 1 branch of the dungeon, and saw 2 of its levels.

You collected 69 gold pieces.

Inventory:

Scrolls
 b - 3 scrolls of amnesia {unknown}
 f - a scroll of identify {unknown}
Potions
 c - a potion of flight
Comestibles
 a - 5 rations
 d - 4 chunks of flesh


   Skills:
 - Level 3.0 Fighting
 + Level 3.8 Dodging
 * Level 3.7 Unarmed Combat


You had one spell level left.
You didn't know any spells.
Your spell library was empty.

Dungeon Overview and Level Annotations

Branches:
Dungeon (2/15)

Altars:


Innate Abilities, Weirdness & Mutations

You cannot wear armour.
You are incapable of wielding weapons or throwing items.
Your paws allow you to move quietly. (Stealth)
You have sharp claws.
You have razor-sharp teeth.
You have supernaturally acute eyesight. (SInv)
You are carnivorous and can eat meat at any time.
You cover ground quickly.
You are covered in fur. (AC +1)
You have a slow metabolism.
Your sharp claws are effective at attacking unaware monsters.


Message History

You feel very buoyant.
You fly up into the air.
Xom roars with laughter!
The adder misses you. x2
It was a potion of degeneration.
There was something very wrong with that liquid.
You feel weakened.
You feel dopey.
You feel clumsy. The adder closely misses you.
It was a potion of brilliance.
You feel clever all of a sudden.
You feel sick. The adder misses you.
You closely miss the adder. The adder bites you.
* * * LOW HITPOINT WARNING * * *
You are more poisoned.
The adder poisons you!
You miss the adder.
* * * LOW HITPOINT WARNING * * *
You feel sick.
Xom smirks.
You detect creatures!
The adder misses you.

#. .... #=####...
#####.......#
............# .
............# ..
............# ...
#.....S.....# ....
#......@....#.....
...##.###.........
# #..###########
#.###..#....รท....#
..........#######.#
##................#
#####......#######
g ................
#.#......#######


You could see an adder.

Vanquished Creatures
  2 leopard geckos (D:1)
  A ball python (D:2)
  2 bats (D:1)
  A giant cockroach (D:1)
  4 goblins (D:1)
  3 hobgoblins (D:1)
  A frilled lizard (D:1)
  3 kobolds (D:1)
  3 rats (D:1)
20 creatures vanquished.

Notes
Turn   | Place    | Note
-------+----------+-------------------------------------------
     0 | D:1      | iamserjio the Felid Chaos Knight began the quest for the
                  | Orb.
     0 | D:1      | Reached XP level 1. HP: 10/10 MP: 2/2
   171 | D:1      | XOM: harmless Air miscast
   205 | D:1      | Reached XP level 2. HP: 14/14 MP: 3/3
   811 | D:1      | XOM: harmless Fire miscast
  1042 | D:2      | XOM: divination: detect creatures
  1043 | D:2      | Quit the game

Levels and vault maps discovered:
D:1:      evilmike_arrival_plus, layout_basic, minmay_misc_feat_ornament
D:2:      layout_basic

Action                   || total
-------------------------++-------
Melee: Unarmed           ||    48
       Punch             ||     1
       Bite              ||     3
  Use: Potion            ||     3
 Stab: Sleeping          ||     6
  Eat: Chunk             ||     7
Armor: Skin              ||     2
Dodge: Dodged            ||    37

Table legend:
 A = Non-vault XP
 B = Vault XP
 C = Vault XP percentage of total XP
 D = Non-vault monster count
 E = Vault monster count
 F = Vault count percentage of total count
                 A         B        C        D         E       F
            +---------+---------+-------+---------+---------+-------
      Total |      35 |       0 |   0.0 |      20 |       0 |   0.0
            +---------+---------+-------+---------+---------+-------
        D:1 |      33 |       0 |   0.0 |      19 |       0 |   0.0
        D:2 |       2 |       0 |   0.0 |       1 |       0 |   0.0
            +---------+---------+-------+---------+---------+-------
